 Dungeon Crawl Stone Soup version 0.29.1-1-gd02db6906a (webtiles) character file.

Game seed: 2449620034300998134

14 Zeld the Chopper (level 2, -3/40 HPs)
             Began as a Minotaur Berserker on Oct 9, 2022.
             Was a Follower of Trog.
             Succumbed to a kobold's poison
             ... on level 1 of the Dungeon.
             The game lasted 00:00:37 (442 turns).

Zeld the Chopper (Minotaur Berserker)                Turns: 442, Time: 00:00:37

Health: -3/40      AC:  2    Str: 27    XL:     2   Next: 31%
Magic:  1/1        EV: 12    Int:  4    God:    Trog [*.....]
Gold:   9          SH:  0    Dex:  9    Spells: 1/1 levels left

rFire   . . .      SeeInvis .   a - +0 hand axe
rCold   . . .      Faith    .   (no shield)
rNeg    . . .      Spirit   .   b - +0 animal skin
rPois   .          Reflect  .   (helmet restricted)
rElec   .          Harm     .   (no cloak)
rCorr   .          Rampage  .   (no gloves)
Will    .....                   (no boots)
Stlth   ..........              (no amulet)
HPRegen 0.13/turn               e - +6 ring of strength
MPRegen 0.07/turn               (no ring)

@: berserking, lethally poisoned (-3 -> -34), very quick
A: horns 2, retaliatory headbutt
a: Renounce Religion, Berserk


You were on level 1 of the Dungeon.
You worshipped Trog.
Trog was aware of your devotion.
You visited 1 branch of the dungeon, and saw 1 of its levels.

You collected 9 gold pieces.

Inventory:

Hand Weapons
 a - a +0 hand axe (weapon)
Armour
 b - a +0 animal skin (worn)
Jewellery
 e - a +6 ring of strength (left hand)
Potions
 c - a potion of heal wounds {unknown}
 d - a potion of flight {unknown}


   Skills:
 + Level 3.8 Fighting
 * Level 4.0 Axes
 + Level 2.7 Armour
 + Level 2.4 Dodging


You had one spell level left.
You didn't know any spells.
Your spell library was empty.

Dungeon Overview and Level Annotations

Branches:
Dungeon (1/15)

Altars:


Innate Abilities, Weirdness & Mutations

You have a pair of horns on your head.
You reflexively headbutt those who attack you in melee.


Message History

You are lethally poisoned!
You barely miss the kobold.
The kobold is severely wounded.
You closely miss the goblin. You hit the frilled lizard.
You kill the frilled lizard!
Trog accepts your kill.
You feel very sick. The kobold barely misses you.
The goblin closely misses you.
Okay, then.
A red film seems to cover your vision as you go berserk!
You feel yourself moving faster!
You feel mighty!
* * * LOW HITPOINT WARNING * * *
You feel very sick. The goblin hits you but does no damage.
The kobold barely misses you.
Unknown command.
Unknown command.
You barely miss the kobold. Your headbutt misses the kobold.
The kobold is severely wounded.
You slash the goblin!
You kill the goblin!
Trog accepts your kill.
You feel sick.
The kobold hits you with a +0 dagger of venom.
* * * LOW HITPOINT WARNING * * *
You are lethally poisoned!
Unknown command.
You closely miss the kobold.
The kobold is severely wounded.
You slash the endoplasm!
You kill the endoplasm!
Trog accepts your kill.
* * * LOW HITPOINT WARNING * * *
You feel very sick.
The kobold hits you with a +0 dagger of venom.
* * * LOW HITPOINT WARNING * * *
You are more poisoned.
Unknown command.
You barely miss the kobold.
The kobold is severely wounded.
You die...

#.# ##.# #..) #..# #..#
#..# .#####.K# ......)@#
#.....†.# ..##.##.#
########..# # #..# ###
.......#... #..# ..#
..........# #..# #.#
.......#..# ##..# #.#.#
.......#..# ##...# #.#.#
##.#......###....#####.#.#
#.#


You could see a kobold.

Vanquished Creatures
  3 bats (D:1)
  An endoplasm (D:1)
  2 giant cockroaches (D:1)
  A kobold (D:1)
  2 ball pythons (D:1)
  A frilled lizard (D:1)
  2 goblins (D:1)
  2 rats (D:1)
14 creatures vanquished.

Notes
Turn   | Place    | Note
-------+----------+-------------------------------------------
     0 | D:1      | Zeld the Minotaur Berserker began the quest for the Orb.
     0 | D:1      | Reached XP level 1. HP: 19/19 MP: 0/0
   297 | D:1      | Reached XP level 2. HP: 27/27 MP: 1/1
   299 | D:1      | Reached skill level 4 in Axes
   441 | D:1      | HP: 2/40 [kobold/+0 dagger of venom (4)]
   442 | D:1      | Succumbed to a kobold's poison

Illustrated notes

Levels and vault maps discovered:
D:1:      spicycebolla_arrival_xxxplode, layout_rooms,
          shapermc_ecumenical_altar_notcrosses, roderic_lattice_a,
          minmay_surrounded

Skill      XL: |  1  2 |
---------------+-------+-----
Axes           | 4 |  4.0
Fighting       | |  3.8
Armour         | |  2.7
Dodging        | |  2.4

Action                   || total
-------------------------++-------
Melee: Hand axe          ||    30
Invok: Berserk           ||     1
Armor: Animal skin       ||     8
Dodge: Dodged            ||    27
